 Dungeon Crawl Stone Soup version 0.26-a0-850-g97a50ab700 (webtiles) character file.

Game seed: 15259057279781184280

35 pablito the Chiller (level 3, 0/24 HPs)
             Began as a Demonspawn Ice Elementalist on Nov 20, 2020.
             Succumbed to an adder's poison
             ... on level 2 of the Dungeon.
             The game lasted 00:03:46 (1317 turns).

pablito the Chiller (Demonspawn Ice Elementalist)   Turns: 1317, Time: 00:03:46

Health: 0/24       AC:  4    Str:  8    XL:     3   Next: 17%
Magic:  6/6        EV:  7    Int: 16    God:
Gold:   81         SH:  0    Dex: 14    Spells: 5/6 levels left

rFire    . . .     SeeInvis .   f - +0 spear
rCold    . . .     Faith    .   (no shield)
rNeg     . . .     Spirit   .   d - +0 leather armour
rPois    .         Reflect  .   (helmet restricted)
rElec    .         Harm     .   e - +0 cloak
rCorr    .         Rampage  .   (no gloves)
MR       .....                  (no boots)
Stlth    ++........             (no amulet)
HPRegen  0.08/turn              g - -4 ring of evasion (curse)
MPRegen  0.10/turn              (no ring)

@: lethally poisoned (0 -> -7)
A: horns 1
a: no special abilities


You were on level 2 of the Dungeon.
You visited 1 branch of the dungeon, and saw 2 of its levels.

You collected 81 gold pieces.

Inventory:

Hand Weapons
 f - a +0 spear (weapon)
Missiles
 c - 38 stones (quivered)
Armour
 a - a +0 robe
 d - a +0 leather armour (worn)
 e - a +0 cloak (worn)
Jewellery
 g - a cursed -4 ring of evasion (left hand)
Scrolls
 b - a scroll of identify


   Skills:
 + Level 1.1 Polearms
 - Level 1.7 Dodging
 - Level 1.7 Stealth
 - Level 2.0 Spellcasting
 + Level 4.4 Ice Magic


You had 5 spell levels left.
You knew the following spells:

 Your Spells              Type           Power        Failure   Level
a - Freeze                Ice            ###.         4%          1

Your spell library contained the following spells:

 Spells                   Type           Power        Failure   Level
 Frozen Ramparts          Ice            ###...       16%         3
 Ozocubu's Armour         Ice            ###.....     16%         3
 Hailstorm                Conj/Ice       #.......     77%         4
 Summon Ice Beast         Ice/Summ       #.......     77%         4


Dungeon Overview and Level Annotations

Branches:
Dungeon (2/15)

Altars:


Innate Abilities, Weirdness & Mutations

You have a pair of small horns on your head.


Message History

You feel agile.
You completely miss the rat. The rat bites you. x2
* * * LOW HITPOINT WARNING * * *
You hit the rat.
The rat is moderately wounded.
* * * LOW HITPOINT WARNING * * *
You feel sick. The rat barely misses you.
You hit the rat.
You kill the rat!
* * * LOW HITPOINT WARNING * * *
You feel sick.
The kobold throws a stone.
The stone hits you but does no damage.
Okay, then.
You aren't carrying any potions.
The kobold hits you with a +0 short sword.
* * * LOW HITPOINT WARNING * * *
You see here a rat corpse.
You hit the kobold. Your headbutt misses the kobold.
The kobold is moderately wounded.
You die...

$. .# .# .# ## .# .
.#####. #.
######.......
#.###.##...>@K$...#
.........####....[#
.......<............
#.#.#.#########.....
# # #####


You could see a kobold.

Vanquished Creatures
  An adder (D:2)
  An ooze (D:1)
  A dart slug (D:1)
  3 bats (D:1)
  3 giant cockroaches (D:1)
  4 goblins (D:1)
  A hobgoblin (D:1)
  A kobold (D:1)
  5 rats
20 creatures vanquished.

Notes
Turn   | Place    | Note
-------+----------+-------------------------------------------
     0 | D:1      | pablito the Demonspawn Ice Elementalist began the quest for
                  | the Orb.
     0 | D:1      | Reached XP level 1. HP: 13/13 MP: 3/3
   388 | D:1      | Reached skill level 4 in Ice Magic
   444 | D:1      | Gained mutation: You have a pair of small horns on your
                  | head. [demonic ancestry]
   444 | D:1      | Reached XP level 2. HP: 19/19 MP: 1/5
  1313 | D:2      | Reached skill level 1 in Polearms
  1313 | D:2      | Reached XP level 3. HP: 8/24 MP: 6/6
  1316 | D:2      | HP: 1/24 [kobold/+0 short sword (2)]
  1317 | D:2      | Succumbed to an adder's poison

Illustrated notes

Levels and vault maps discovered:
D:1:      dpeg_arrival_oval, layout_basic, minmay_split_cup_large
D:2:      layout_loops_ring, lemuel_round_altar, serial_rivers,
          chequers_serial_rivers_small_a, chequers_serial_rivers_room_a,
          chequers_serial_rivers_small_b, chequers_serial_rivers_micro_b,
          chequers_serial_rivers_room_a

Skill      XL: |  1  2 |
---------------+-------+-----
Ice Magic      | 4 |  4.4
Polearms       | 1 |  1.1
Dodging        | |  1.7
Stealth        | |  1.7
Spellcasting   | |  2.0

Action                   || total
-------------------------++-------
Melee: Unarmed           ||    13
       Spear             ||    45
       Headbutt          ||     4
Throw: Stone             ||     3
 Cast: Freeze            ||    17
  Use: Scroll            ||     1
 Stab: Sleeping          ||     1
Armor: Robe              ||     7
       Leather armour    ||    10
Dodge: Dodged            ||    50

Table legend: (Time is in decaauts)
 A = Elapsed time spent in this place.
 B = Non-inter-level travel time spent in this place.
 C = Inter-level travel time spent in this place.
 D = Time resting spent in this place.
 E = Time spent auto-exploring this place.
 F = Levels seen in this place.
 G = Mean time per level.
                   A        B        C        D        E       F      G
               +--------+--------+--------+--------+--------+-----+--------+
         Total |   1319 |   1279 |     40 |    108 |    925 |   2 |  659.5 |
       Dungeon |   1319 |   1279 |     40 |    108 |    925 |   2 |  659.5 |
               +--------+--------+--------+--------+--------+-----+--------+

Top non-repeatable levels by time:
     D:1: 1297 daAuts
     D:2: 21 daAuts
